cohdb
Replays
Latest Replays
All Replays
Popular Replays
Top Player Replays
Match Explorer
How It Works
Community
CoH3 Stats
Reddit
Sign in to upload your games and track your stats! →
Sign in with Steam
Match 45263095
Unlisted
Match 45263095
Overview
Messages
Build Orders
End
Engineer Squad
Construct Barracks
Riflemen Squad
Riflemen Squad
1⁄4-ton 4x4 Truck
Riflemen Squad
Grenade Package
Construct Medical Station
Infantry Support Center
Construct Motor Pool
M24 Chaffee Light Tank
Selects Advanced Infantry Battlegroup
Selects Artillery Observers
Selects M2A1 105mm Howitzer Emplacement
Selects Convert to Ranger Squad
Selects Frontline Medical Station
Convert to Ranger Squad
M24 Chaffee Light Tank
Selects Infantry Assault
Infantry Assault
vonMises
Mael Radec
Dctore
Blitzcat
0
0
Comments
sign in to comment!
No comments posted yet!